AoeStats
← Captain Sukx

Arabia

506490023Analyzed
1v1 RM · 19d ago on Sep 13, 2026· 50m 58s· 2 players
Game mode
Random Map
Map size
Tiny (2 player)
Population
200
Speed
Normal
Resources
Standard
Victory
Conquest
Starting age
Dark Age
Ending age
Imperial Age
RankedLock teamsTeams togetherTeam positionsShared explorationLock speedFull tech treeHidden civsTurbo modeCheats
Victory
Defeat
🇨🇿 Persians · Czechia
1080
+17
🇩🇪 Lithuanians · Germany
1092
-48
Nech to G Bro
6:05 Loom
9:16 Feudal Age
11:38 Double-Bit Axe
13:48 Horse Collar
21:12 Castle Age
20:46 Bloodlines
20:44 Scale Barding Armor
20:49 Forging
22:14 Bow Saw
22:12 Heavy Plow
25:10 Wheelbarrow
26:42 Gold Mining
29:13 Husbandry
31:36 Hand Cart
34:03 Chain Barding Armor
34:19 Iron Casting
37:08 Imperial Age
34:24 Town Watch
35:33 Gold Shaft Mining
36:55 Heavy Camel Rider
38:45 Conscription
39:28 Plate Barding Armor
39:53 Blast Furnace
38:44 Fletching
42:50 Town Patrol
42:18 Heavy Cavalry Archer
43:24 Parthian Tactics
43:14 Bodkin Arrow
43:20 Padded Archer Armor
45:09 Chemistry
44:30 Ballistics
46:04 Two-Man Saw
45:55 Thumb Ring
45:50 Stone Mining
48:12 Stone Shaft Mining
47:21 Light Cavalry
48:18 Leather Archer Armor
51:08 Ring Archer Armor
50:00 Hussar
Captain Sukx
5:40 Loom
5:51 Loom
9:12 Feudal Age
10:05 Double-Bit Axe
10:05 Horse Collar
13:59 Town Watch
19:33 Bloodlines
21:59 Castle Age
21:01 Scale Barding Armor
21:06 Gold Mining
21:50 Bloodlines
22:47 Husbandry
26:25 Chain Barding Armor
28:03 Husbandry
30:39 Wheelbarrow
30:25 Bow Saw
30:10 Pikeman
32:26 Forging
32:17 Scale Mail Armor
32:37 Squires
34:16 Chain Mail Armor
40:32 Imperial Age
40:09 Iron Casting
40:44 Halberdier
41:22 Cavalier
43:14 Plate Barding Armor
47:24 Paladin
Connection lost

Rejoining the realm…

Still unreachable

The connection could not be restored.

Session expired

The server has moved on; the page needs a fresh start.